[ AOE2 MATCH · #505525773 ]
UnrankedMaya vs Vietnamese
Player's team · WIN
[ REPLAY ANALYSIS · EXTRACTED FROM THE RECORDED GAME ]
Feudal
13:29
Castle
19:25
Imperial
30:02
| APM avg | 48.5 |
| APM peak | 86 |
| eAPM avg | 25.3 |
| Villagers / military | 60 / 15 |
Focus
⚔️ 32.0% · 🌾 68.0%
Fishing Ship ×20 · Plumed Archer ×10 · Galley ×2 · Trebuchet (Packed) ×2 · Monk ×1
Feudal
13:17
Castle
17:07
Imperial
—
| APM avg | 39.2 |
| APM peak | 76 |
| eAPM avg | 26.2 |
| Villagers / military | 97 / 16 |
Focus
⚔️ 21.1% · 🌾 78.9%
Rattan Archer ×8 · Mangonel ×5 · Militia ×3
Match map
Initial resources + every placement click. Lines = walls · curves = elevation contours. ◆ gold · ⬟ stone · ● berries · ✦ relic · ◌ wall gap
Your base· ✓ Closed at 19:25 · 41t walls · 3 gate(s)
rubatubdubs's base· Open — opponent sealed themselves in
Smoothed initial terrain · ◌ = detected wall gap · hover for details
Inputs per minute
— Edgar Davids - - rubatubdubs
Build order — Edgar Davids
First 150 of 186 actions detected
| 0:01 | Research | Loom |
| 0:02 | Build | House |
| 0:12 | Queue | Villager (Male) |
| 0:32 | Queue | Villager (Male) |
| 0:35 | Queue | Villager (Male) |
| 1:10 | Build | House |
| 1:16 | Build | House |
| 1:36 | Queue | Villager (Male) |
| 2:01 | Build | House |
| 2:09 | Queue | Villager (Male) |
| 2:39 | Build | House |
| 2:42 | Queue | Villager (Male) |
| 3:03 | Build | Palisade Wall |
| 3:09 | Queue | Villager (Male) |
| 3:31 | Build | Palisade Gate |
| 3:40 | Queue | Villager (Male) |
| 3:58 | Queue | Villager (Male) |
| 4:20 | Queue | Villager (Male) |
| 4:46 | Queue | Villager (Male) |
| 5:03 | Queue | Villager (Male) |
| 5:04 | Build | House |
| 5:26 | Build | Palisade Wall |
| 5:28 | Build | Palisade Wall |
| 5:36 | Queue | Villager (Male) |
| 5:46 | Build | Palisade Gate |
| 5:49 | Build | Palisade Gate |
| 6:01 | Queue | Villager (Male) |
| 6:16 | Queue | Villager (Male) |
| 6:18 | Build | House |
| 6:48 | Build | Palisade Wall |
| 6:49 | Queue | Villager (Male) |
| 7:05 | Queue | Villager (Male) |
| 7:50 | Build | Lumber Camp |
| 7:52 | Queue | Villager (Male) |
| 8:03 | Queue | Villager (Male) |
| 8:24 | Queue | Villager (Male) |
| 8:56 | Queue | Villager (Male) |
| 9:00 | Build | Dock |
| 9:26 | Queue | Villager (Male) |
| 9:38 | Queue | Fishing Ship |
| 9:48 | Queue | Villager (Male) |
| 9:53 | Build | House |
| 10:02 | Queue | Villager (Male) |
| 10:03 | Queue | Villager (Male) |
| 10:17 | Queue | Fishing Ship |
| 10:31 | Build | House |
| 10:35 | Queue | Villager (Male) |
| 10:48 | Queue | Villager (Male) |
| 11:06 | Build | Lumber Camp |
| 11:20 | Research | Feudal Age |
| 11:27 | Build | Palisade Wall |
| 11:31 | Build | Palisade Wall |
| 11:39 | Queue | Fishing Ship |
| 12:21 | Build | Mining Camp |
| 12:35 | Build | Mining Camp |
| 12:43 | Queue | Villager (Male) |
| 12:44 | Queue | Fishing Ship |
| 13:25 | Build | Outpost |
| 13:29 | Age | Feudal Age |
| 13:32 | Research | Town Watch |
| 13:35 | Build | Mill |
| 13:40 | Queue | Fishing Ship |
| 13:48 | Build | Watch Tower |
| 13:59 | Build | Stone Wall |
| 14:04 | Build | Stone Wall |
| 14:07 | Build | Stone Wall |
| 14:08 | Queue | Villager (Male) |
| 14:20 | Research | Double-Bit Axe |
| 14:30 | Build | Stone Wall |
| 14:32 | Build | Stone Wall |
| 14:32 | Queue | Villager (Male) |
| 14:46 | Build | Stone Wall |
| 14:47 | Build | Stone Wall |
| 14:59 | Build | Market |
| 15:03 | Queue | Villager (Male) |
| 15:06 | Queue | Fishing Ship |
| 15:36 | Queue | Villager (Male) |
| 15:38 | Build | Blacksmith |
| 15:46 | Queue | Fishing Ship |
| 16:02 | Build | Stone Wall |
| 16:09 | Build | Dock |
| 16:12 | Queue | Villager (Male) |
| 16:17 | Build | Stone Wall |
| 16:18 | Build | Stone Wall |
| 16:19 | Build | Stone Wall |
| 16:45 | Research | Castle Age |
| 17:07 | Queue | Galley |
| 17:20 | Build | House |
| 17:23 | Research | Tech 906 |
| 17:46 | Build | Fish Trap |
| 17:57 | Queue | Galley |
| 18:03 | Build | Fish Trap |
| 18:08 | Build | House |
| 18:18 | Build | Fish Trap |
| 18:21 | Build | Fish Trap |
| 18:24 | Research | Fletching |
| 18:45 | Queue | Villager (Male) |
| 18:58 | Build | Stone Wall |
| 19:02 | Build | Stone Wall |
| 19:11 | Build | Fish Trap |
| 19:15 | Build | Fish Trap |
| 19:18 | Build | Fish Trap |
| 19:22 | Queue | Villager (Male) |
| 19:25 | Age | Castle Age |
| 19:41 | Build | Castle |
| 19:50 | Queue | Villager (Male) |
| 20:09 | Queue | Villager (Male) |
| 20:20 | Queue | Villager (Male) |
| 20:28 | Queue | Villager (Male) |
| 20:48 | Queue | Villager (Male) |
| 20:59 | Queue | Villager (Male) |
| 21:12 | Queue | Villager (Male) |
| 21:19 | Queue | Fishing Ship |
| 21:22 | Build | Dock |
| 21:27 | Queue | Fishing Ship |
| 21:35 | Research | Gillnets |
| 21:57 | Queue | Fishing Ship |
| 22:02 | Research | Bodkin Arrow |
| 22:03 | Queue | Plumed Archer |
| 22:03 | Queue | Plumed Archer |
| 22:03 | Queue | Plumed Archer |
| 22:18 | Queue | Plumed Archer |
| 22:24 | Queue | Fishing Ship |
| 22:24 | Queue | Fishing Ship |
| 22:25 | Build | House |
| 22:27 | Queue | Villager (Male) |
| 22:31 | Queue | Plumed Archer |
| 22:54 | Build | Fish Trap |
| 22:57 | Build | Fish Trap |
| 22:57 | Queue | Villager (Male) |
| 23:20 | Build | Fish Trap |
| 23:24 | Queue | Villager (Male) |
| 23:29 | Build | Gate |
| 23:37 | Queue | Villager (Male) |
| 23:47 | Queue | Fishing Ship |
| 23:47 | Queue | Fishing Ship |
| 23:54 | Build | Fish Trap |
| 24:00 | Queue | Villager (Male) |
| 24:26 | Queue | Villager (Male) |
| 24:34 | Build | Fish Trap |
| 24:41 | Build | Monastery |
| 25:18 | Queue | Fishing Ship |
| 25:19 | Queue | Fishing Ship |
| 25:21 | Queue | Monk |
| 25:22 | Queue | Villager (Male) |
| 25:30 | Build | House |
| 25:36 | Queue | Villager (Male) |
| 26:01 | Queue | Fishing Ship |
| 26:02 | Queue | Fishing Ship |
| 26:02 | Queue | Fishing Ship |
Build order — rubatubdubs
First 150 of 236 actions detected
| 0:01 | Queue | Villager (Male) |
| 0:02 | Build | House |
| 0:03 | Build | House |
| 0:11 | Queue | Villager (Male) |
| 0:11 | Queue | Villager (Male) |
| 0:14 | Queue | Villager (Male) |
| 0:20 | Research | Loom |
| 0:25 | Queue | Villager (Male) |
| 0:30 | Queue | Villager (Male) |
| 0:30 | Queue | Villager (Male) |
| 1:14 | Build | Palisade Wall |
| 1:32 | Build | Palisade Wall |
| 1:42 | Queue | Villager (Male) |
| 1:42 | Queue | Villager (Male) |
| 2:09 | Queue | Villager (Male) |
| 2:41 | Queue | Villager (Male) |
| 2:55 | Build | Lumber Camp |
| 3:14 | Build | House |
| 3:17 | Queue | Villager (Male) |
| 3:34 | Queue | Villager (Male) |
| 3:35 | Queue | Villager (Male) |
| 3:58 | Build | Palisade Wall |
| 4:07 | Queue | Villager (Male) |
| 4:32 | Queue | Villager (Male) |
| 5:03 | Build | House |
| 5:07 | Build | House |
| 5:07 | Queue | Villager (Male) |
| 6:07 | Queue | Villager (Male) |
| 6:07 | Queue | Villager (Male) |
| 6:09 | Queue | Villager (Male) |
| 6:09 | Queue | Villager (Male) |
| 6:28 | Queue | Villager (Male) |
| 6:28 | Queue | Villager (Male) |
| 7:24 | Queue | Villager (Male) |
| 7:26 | Build | Mill |
| 7:28 | Queue | Villager (Male) |
| 7:30 | Queue | Villager (Male) |
| 8:09 | Build | House |
| 8:26 | Build | House |
| 9:02 | Queue | Villager (Male) |
| 9:05 | Build | House |
| 9:06 | Queue | Villager (Male) |
| 9:17 | Queue | Villager (Male) |
| 9:50 | Queue | Villager (Male) |
| 10:37 | Research | Feudal Age |
| 11:11 | Build | Mill |
| 11:25 | Build | Barracks |
| 11:44 | Build | Mining Camp |
| 12:19 | Build | House |
| 12:20 | Queue | Militia |
| 12:25 | Queue | Militia |
| 12:29 | Queue | Militia |
| 12:46 | Queue | Villager (Male) |
| 13:17 | Age | Feudal Age |
| 13:21 | Build | Market |
| 13:30 | Research | Man-at-Arms (upgrade) |
| 13:37 | Queue | Villager (Male) |
| 13:46 | Build | Blacksmith |
| 13:50 | Research | Wheelbarrow |
| 13:50 | Research | Wheelbarrow |
| 14:27 | Research | Castle Age |
| 14:27 | Research | Castle Age |
| 14:45 | Research | Horse Collar |
| 14:45 | Research | Horse Collar |
| 14:51 | Build | Farm |
| 14:58 | Build | Farm |
| 15:02 | Build | Farm |
| 15:28 | Build | Farm |
| 15:34 | Research | Double-Bit Axe |
| 15:41 | Build | House |
| 15:44 | Build | Farm |
| 16:07 | Build | Farm |
| 16:21 | Build | House |
| 16:27 | Research | Man-at-Arms (upgrade) |
| 16:41 | Research | Arson |
| 16:52 | Queue | Villager (Male) |
| 17:07 | Age | Castle Age |
| 17:08 | Build | Siege Workshop |
| 17:31 | Queue | Villager (Male) |
| 17:34 | Build | Farm |
| 17:37 | Build | Farm |
| 17:38 | Build | Farm |
| 17:39 | Queue | Villager (Male) |
| 17:47 | Queue | Mangonel |
| 17:47 | Queue | Mangonel |
| 18:02 | Research | Bow Saw |
| 18:03 | Research | Bow Saw |
| 18:13 | Build | Outpost |
| 18:20 | Build | Outpost |
| 18:27 | Queue | Villager (Male) |
| 18:29 | Build | Farm |
| 18:30 | Queue | Villager (Male) |
| 19:01 | Queue | Villager (Male) |
| 19:05 | Queue | Mangonel |
| 19:14 | Queue | Villager (Male) |
| 19:35 | Queue | Villager (Male) |
| 19:47 | Build | Mining Camp |
| 19:48 | Queue | Villager (Male) |
| 19:51 | Research | Stone Mining |
| 19:53 | Build | Mining Camp |
| 20:34 | Build | Farm |
| 20:37 | Build | House |
| 21:18 | Queue | Villager (Male) |
| 21:23 | Build | Lumber Camp |
| 21:24 | Queue | Villager (Male) |
| 21:26 | Research | Stone Shaft Mining |
| 21:45 | Queue | Villager (Male) |
| 21:53 | Build | Stone Wall |
| 21:56 | Build | Stone Wall |
| 21:59 | Queue | Villager (Male) |
| 22:09 | Build | Castle |
| 22:24 | Queue | Villager (Male) |
| 22:50 | Queue | Villager (Male) |
| 22:53 | Build | Town Center |
| 22:53 | Queue | Villager (Male) |
| 23:05 | Research | Fletching |
| 23:05 | Research | Fletching |
| 23:15 | Queue | Rattan Archer |
| 23:16 | Queue | Rattan Archer |
| 23:16 | Queue | Rattan Archer |
| 23:25 | Build | Stone Wall |
| 23:31 | Build | Stone Wall |
| 23:33 | Build | Stone Wall |
| 23:47 | Queue | Villager (Male) |
| 23:48 | Queue | Villager (Male) |
| 23:54 | Build | Farm |
| 23:54 | Build | Farm |
| 24:01 | Queue | Rattan Archer |
| 24:01 | Queue | Rattan Archer |
| 24:02 | Queue | Villager (Male) |
| 24:13 | Queue | Villager (Male) |
| 24:13 | Queue | Villager (Male) |
| 24:24 | Build | Farm |
| 24:25 | Build | Farm |
| 24:28 | Build | Farm |
| 24:28 | Build | Farm |
| 24:28 | Build | Farm |
| 24:29 | Build | Farm |
| 24:29 | Build | Farm |
| 24:29 | Build | Farm |
| 24:30 | Build | Farm |
| 24:33 | Build | Farm |
| 24:38 | Queue | Rattan Archer |
| 24:38 | Queue | Rattan Archer |
| 24:43 | Queue | Villager (Male) |
| 24:44 | Queue | Villager (Male) |
| 24:44 | Queue | Villager (Male) |
| 25:06 | Queue | Villager (Male) |
| 25:06 | Queue | Villager (Male) |
| 25:21 | Build | Farm |
Match timeline
| 1:14 | rubatubdubs · wall_segment Palisade Wall x6 |
| 1:32 | rubatubdubs · wall_segment Palisade Wall x1 |
| 3:03 | Edgar Davids · wall_segment Palisade Wall x10 |
| 3:58 | rubatubdubs · wall_segment Palisade Wall x2 |
| 5:26 | Edgar Davids · wall_segment Palisade Wall x1 |
| 5:28 | Edgar Davids · wall_segment Palisade Wall x1 |
| 6:48 | Edgar Davids · wall_segment Palisade Wall x11 |
| 9:00 | Edgar Davids · first_building Dock |
| 11:25 | rubatubdubs · first_building Barracks |
| 11:27 | Edgar Davids · wall_segment Palisade Wall x9 |
| 11:31 | Edgar Davids · wall_segment Palisade Wall x3 |
| 13:17 | rubatubdubs · age_up feudal |
| 13:29 | Edgar Davids · age_up feudal |
| 13:59 | Edgar Davids · wall_segment Stone Wall x1 |
| 14:04 | Edgar Davids · wall_segment Stone Wall x1 |
| 14:07 | Edgar Davids · wall_segment Stone Wall x1 |
| 14:25 | rubatubdubs · first_market_sell 100 wood |
| 14:30 | Edgar Davids · wall_segment Stone Wall x1 |
| 14:32 | Edgar Davids · wall_segment Stone Wall x1 |
| 14:46 | Edgar Davids · wall_segment Stone Wall x4 |
| 14:47 | Edgar Davids · wall_segment Stone Wall x4 |
| 16:02 | Edgar Davids · wall_segment Stone Wall x1 |
| 16:17 | Edgar Davids · wall_segment Stone Wall x1 |
| 16:18 | Edgar Davids · wall_segment Stone Wall x1 |
| 16:19 | Edgar Davids · wall_segment Stone Wall x1 |
| 16:26 | Edgar Davids · first_market_buy 100 food |
| 17:07 | rubatubdubs · age_up castle |
| 17:08 | rubatubdubs · first_building Siege Workshop |
| 18:37 | rubatubdubs · first_market_buy 100 wood |
| 18:58 | Edgar Davids · wall_segment Stone Wall x2 |
| 19:02 | Edgar Davids · wall_segment Stone Wall x2 |
| 19:25 | Edgar Davids · age_up castle |
| 19:41 | Edgar Davids · first_building Castle |
| 21:53 | rubatubdubs · wall_segment Stone Wall x4 |
| 21:56 | rubatubdubs · wall_segment Stone Wall x6 |
| 22:09 | rubatubdubs · first_building Castle |
| 23:25 | rubatubdubs · wall_segment Stone Wall x4 |
| 23:31 | rubatubdubs · wall_segment Stone Wall x1 |
| 23:33 | rubatubdubs · wall_segment Stone Wall x4 |
| 24:41 | Edgar Davids · first_building Monastery |
| 27:02 | Edgar Davids · first_building Barracks |
| 27:44 | rubatubdubs · wall_segment Stone Wall x8 |
| 27:49 | rubatubdubs · wall_segment Stone Wall x15 |
| 27:50 | rubatubdubs · wall_segment Stone Wall x2 |
| 30:02 | Edgar Davids · age_up imperial |
| 30:23 | rubatubdubs · wall_segment Stone Wall x1 |
| 31:02 | rubatubdubs · resign |
[ AI ANALYSIS · 1 CREDIT ]
What really happened in this match?
Wolo.gg analyzes every decision: build order, eco, micro, common mistakes by bracket. Personalized analysis on WhatsApp or Discord in 30 seconds.
Civ guide
Maya
Perfil
Edgar Davids